Map: Pillars of Gold LE

Players

PicudoCDMX - Winner!

  • Race: Zerg Zerg
  • League: Master
  • Spawn Location: 7:00

FrameSticker

  • Race: Protoss Protoss
  • League: Master
  • Spawn Location: 1:00

VOD

Have the link to the VOD?

Description

Time

  • Played on: Sept. 13, 2020, 10:49 a.m.
  • Length: 11:25
Show
View Real Time Build Order
Export as new Build Order

PicudoCDMX Zerg - Winner!

Build Orders: Hatch First 

Get SALT Encoding   

  12  0:02  Drone  
  13  0:12  Overlord  
  13  0:17  Drone  
  14  0:30  Drone x2  
  14  0:34  Drone  
  17  0:52  Hatchery  
  17  0:56  Drone  
  17  0:59  Drone  
  18  1:07  Drone  
  18  1:09  Extractor  
  18  1:17  Spawning Pool  
  17  1:21  Drone  
  18  1:28  Drone  
  19  1:41  Overlord  
  19  1:49  Drone  
  20  2:05  Queen  
  22  2:12  Zergling x2  
  23  2:17  Metabolic Boost  
  23  2:18  Queen  
  25  2:25  Hatchery  
  25  2:28  Drone  
  25  2:32  Drone  
  26  2:38  Drone x2  
  28  2:45  Zergling x4  
  28  2:49  Drone  
  31  2:51  Drone  
  31  2:57  Overlord  
  32  3:01  Drone  
  33  3:07  Drone  
  33  3:11  Drone  
  35  3:19  Drone x2  
  37  3:20  Drone  
  37  3:24  Drone x2  
  39  3:30  Drone x2  
  39  3:31  Drone  
  42  3:36  Spore Crawler  
  42  3:39  Lair  
  41  3:43  Drone x2  
  41  3:44  Spore Crawler  
  41  3:46  Pneumatized Carapace  
  41  3:48  Drone  
  43  3:51  Drone x2  
  46  3:55  Drone x2  
  46  3:58  Drone  
  46  3:59  Drone  
  49  4:06  Overlord x2  
  49  4:09  Overlord  
  49  4:17  Spore Crawler  
  49  4:19  Overlord  
  48  4:24  Queen  
  48  4:29  Baneling Nest  
  48  4:31  Drone  
  50  4:35  Zergling x16  
  58  4:38  Overseer  
  58  4:41  Drone x3  
  61  4:48  Hydralisk Den  
  61  4:49  Drone x2, Extractor  
  61  4:50  Extractor  
  60  4:58  Zergling x2  
  60  4:59  Zergling x6  
  64  5:03  Spore Crawler  
  64  5:06  Spore Crawler x2  
  61  5:08  Drone x4  
  65  5:22  Overlord x4  
  65  5:23  Overlord x2  
  65  5:30  Muscular Augments  
  64  5:38  Drone  
  65  5:49  Extractor  
  64  5:51  Drone x12  
  72  6:02  Drone  
  72  6:06  Hydralisk  
  72  6:07  Hydralisk  
  72  6:10  Extractor  
  72  6:11  Extractor  
  74  6:12  Drone x3  
  74  6:14  Drone x3  
  74  6:16  Drone x2, Hatchery  
  81  6:22  Evolution Chamber x2  
  81  6:24  Drone  
  77  6:30  Drone  
  77  6:31  Drone x3  
  78  6:43  Hydralisk x3  
  76  7:00  Zerg Melee Weapons Level 1  
  76  7:01  Zerg Missile Weapons Level 1  
  73  7:03  Drone x2  
  76  7:08  Drone x3  
  76  7:11  Centrifical Hooks  
  76  7:13  Zergling x12  
  76  7:15  Queen  
  86  7:17  Hatchery  
  86  7:21  Hydralisk x2  
  89  7:25  Overlord x2  
  79  7:37  Hydralisk x3  
  79  7:38  Hydralisk  
  79  7:40  Queen  
  79  7:41  Queen  
  79  7:42  Drone  
  79  7:43  Drone x7  
  99  7:51  Grooved Spines  
  99  7:52  Drone  
  99  7:53  Drone  
  99  7:54  Zergling x4  
  103  8:00  Zergling x2  
  103  8:01  Spore Crawler, Zergling x2  
  104  8:06  Spore Crawler  
  104  8:07  Zergling x10  
  104  8:09  Spore Crawler  
  104  8:11  Drone x4  
  111  8:16  Hydralisk  
  113  8:30  Zergling x18  
  113  8:32  Hatchery  
  121  8:34  Lurker Den  
  120  8:45  Hydralisk x7  
  120  8:47  Extractor  
  129  8:59  Hydralisk, Zergling x2  
  129  9:00  Hydralisk x8  
  129  9:02  Baneling x3  
  137  9:03  Baneling x2  
  137  9:12  Drone x5  
  137  9:14  Extractor  
  137  9:16  Extractor  
  140  9:22  Baneling x11  
  140  9:24  Zergling x4  
  140  9:31  Overlord x4  
  142  9:32  Overlord  
  142  9:39  Baneling  
  142  9:41  Overlord x3  
  135  10:02  Zergling x40  
  135  10:03  Zergling x2  
  137  10:12  Zergling x16  
  143  10:19  Evolution Chamber  
  134  10:31  Zergling x18  
  141  10:39  Hydralisk x5  
  143  10:44  Hydralisk x3  
  143  10:48  Hydralisk  
  142  10:52  Hydralisk x3  
  142  10:53  Hydralisk x4  
  146  10:58  Hydralisk x2  
  146  11:00  Hydralisk  
Show
View Real Time Build Order
Export as new Build Order

FrameSticker Protoss 

Build Orders: 1 Gate Expand, Oracle Opening, Phoenix Opening, Chargelot Immortal, Mass Phoenix 

Get SALT Encoding   

  12  0:00  Probe  
  13  0:12  Probe  
  14  0:18  Pylon  
  14  0:24  Probe (Chrono Boost)  
  15  0:37  Probe (Chrono Boost)  
  15  0:40  Gateway  
  16  0:45  Probe (Chrono Boost)  
  17  0:50  Assimilator  
  17  0:53  Probe  
  18  1:05  Probe  
  19  1:17  Probe  
  20  1:28  Nexus  
  20  1:40  Cybernetics Core  
  20  1:43  Probe  
  21  1:48  Assimilator  
  21  1:55  Probe  
  21  1:58  Pylon  
  22  2:07  Probe  
  23  2:16  Adept (Chrono Boost)  
  23  2:19  Probe  
  25  2:27  Stargate  
  25  2:32  Probe (Chrono Boost)  
  25  2:36  Warp Gate  
  26  2:38  Adept  
  26  2:42  Probe (Chrono Boost)  
  30  2:44  Probe (Chrono Boost)  
  31  2:51  Probe (Chrono Boost)  
  31  2:52  Probe (Chrono Boost)  
  32  2:59  Gateway  
  32  3:02  Probe  
  33  3:06  Probe  
  34  3:14  Probe  
  34  3:18  Probe  
  36  3:21  Phoenix (Chrono Boost)  
  36  3:26  Probe  
  37  3:32  Pylon  
  38  3:37  Assimilator  
  38  3:38  Probe  
  38  3:39  Assimilator  
  39  3:41  Oracle (Chrono Boost)  
  39  3:46  Probe  
  42  3:51  Probe  
  42  3:52  Shield Battery  
  43  3:58  Stargate  
  43  3:59  Probe  
  44  4:03  Probe  
  44  4:08  Pylon  
  45  4:11  Probe  
  45  4:14  Gateway  
  46  4:18  Phoenix (Chrono Boost)  
  46  4:23  Probe x2  
  50  4:35  Probe  
  50  4:36  Phoenix (Chrono Boost)  
  53  4:40  Probe  
  53  4:41  Pylon  
  54  4:48  Probe  
  54  4:50  Phoenix (Chrono Boost)  
  54  4:51  Pylon  
  57  5:06  Adept x2  
  63  5:07  Probe  
  63  5:09  Phoenix (Chrono Boost)  
  63  5:10  Phoenix (Chrono Boost)  
  66  5:20  Adept  
  68  5:23  Pylon  
  68  5:27  Phoenix  
  70  5:35  Probe  
  70  5:37  Sentry x2  
  70  5:39  Phoenix  
  77  5:47  Probe  
  78  5:52  Phoenix  
  80  6:07  Gateway  
  80  6:08  Gateway  
  80  6:10  Adept x3  
  86  6:20  Robotics Facility  
  86  6:22  Robotics Facility  
  86  6:26  Probe x2  
  86  6:39  Forge  
  86  6:41  Twilight Council  
  86  6:46  Protoss Ground Weapons Level 1, Nexus  
  86  6:53  Zealot  
  86  6:54  Zealot  
  86  7:00  Pylon  
  86  7:05  Pylon  
  86  7:07  Pylon  
  86  7:09  Pylon  
  86  7:14  Charge (Chrono Boost), Immortal  
  86  7:18  Probe x2  
  92  7:30  Probe x2  
  92  7:37  Zealot x3  
  92  7:42  Probe  
  99  7:44  Probe  
  99  7:45  Shield Battery  
  100  7:52  Pylon  
  100  7:54  Probe  
  100  7:56  Probe  
  100  7:57  Templar Archives  
  102  8:01  Probe  
  102  8:04  Immortal (Chrono Boost)  
  103  8:06  Probe  
  103  8:09  Probe  
  109  8:17  Immortal (Chrono Boost)  
  113  8:21  Probe  
  113  8:24  Assimilator  
  114  8:29  Assimilator  
  114  8:31  Psionic Storm  
  114  8:36  Immortal  
  118  8:50  Gateway  
  118  8:52  Gateway  
  118  8:56  Adept x5  
  118  9:02  Probe  
  123  9:07  Photon Cannon  
  123  9:10  Gateway  
  123  9:13  Shield Battery  
  123  9:19  High Templar x2  
  123  9:20  High Templar x2  
  131  9:24  High Templar  
  131  9:28  Gateway  
  131  9:29  Gateway  
  133  9:39  Gateway  
  133  9:42  Gateway  
  133  9:46  Pylon  
  129  9:56  Zealot x2  
  129  9:57  Zealot x4  
  128  10:03  Archon  
  128  10:05  Zealot x2  
  116  10:09  Probe x3  
  113  10:15  Immortal  
  113  10:17  High Templar x3  
  113  10:18  High Templar  
  119  10:27  Zealot x4, Archon  
  116  10:30  Zealot  
  116  10:39  Zealot x3  
  108  10:48  Zealot x3  
  102  10:54  High Templar x3  
  81  11:03  Probe x3  
  65  11:04  Archon  
  65  11:10  Zealot  
Tags
 
Add a new tag
Caveats
  • Supply blocks, unpowered buildings, or Contaminate may cause inaccurate times.
  • Supply counts are checked every 10 seconds.